 Dungeon Crawl Stone Soup version 0.24.0-1-gfbc8707 (webtiles) character file.

Game seed: 13350063673748982258, levelgen mode: deterministic

2161 Burgerman5000 the Magician (level 9, -3/51 HPs)
             Began as a Kobold Wizard on Nov 8, 2019.
             Was a Follower of Sif Muna.
             Slain by a gnoll
             ... wielding a +3 spear
              (9 damage)
             ... on level 7 of the Dungeon.
             The game lasted 00:55:06 (10829 turns).

Burgerman5000 the Magician (Kobold Wizard)         Turns: 10829, Time: 00:55:06

Health: -3/51      AC:  5    Str:  1    XL:     9   Next: 57%
Magic:  4/19       EV: 19    Int: 27    God:    Sif Muna [*.....]
Gold:   309        SH:  0    Dex: 18    Spells: 11/22 levels left

rFire    . . .     SeeInvis .   b - +10 long sword of the Swamp {vamp, rN+ Str-4 Dex+5}
rCold    . . .     Gourm    .   (shield restricted)
rNeg     + . .     Faith    .   p - +0 robe
rPois    .         Spirit   .   n - +0 helmet
rElec    .         Reflect  .   (no cloak)
rCorr    .         Harm     .   m - +0 pair of gloves (curse)
MR       .....                  H - +0 pair of boots
Stlth    ++++......             (no amulet)
HPRegen  0.17/turn              c - ring of flight
MPRegen  0.16/turn              (no ring)

@: brilliant, lethally poisoned (-3 -> -4)
A: small, carnivore
a: Channel Magic, Renounce Religion, Evoke Flight


You were on level 7 of the Dungeon.
You worshipped Sif Muna.
Sif Muna was aware of your devotion.
You were completely stuffed.

You visited 2 branches of the dungeon, and saw 9 of its levels.

You collected 309 gold pieces.

Inventory:

Hand Weapons
 a - a +2 short sword of speed
 b - the +10 long sword of the Swamp (weapon) {vamp, rN+ Str-4 Dex+5}
   (You found it on level 6 of the Dungeon)

   It inflicts no extra harm, but heals its wielder when it wounds a living foe.
   It affects your strength (-4).
   It affects your dexterity (+5).
   It protects you from negative energy.
 g - a +2 dagger of pain
 j - a +0 short sword
 z - a +0 hunting sling
 A - a +3 mace
 I - a +1 whip of flaming
Missiles
 i - 257 stones (quivered)
Armour
 m - a cursed +0 pair of gloves (worn)
 n - a +0 helmet (worn)
 o - a +0 hat
 p - a +0 robe (worn)
 H - a +0 pair of boots (worn)
Jewellery
 c - a ring of flight (left hand)
 y - an uncursed amulet of harm
Wands
 v - a wand of random effects (31)
 D - a wand of polymorph (11)
Scrolls
 e - 3 scrolls of identify
 f - 9 scrolls of remove curse
 h - 5 scrolls of teleportation
 k - a scroll of fear {unknown}
 l - a scroll of magic mapping {unknown}
 s - 2 scrolls of noise {unknown}
 E - a scroll of random uselessness {unknown}
 F - a scroll of blinking {unknown}
 G - a scroll of enchant armour {unknown}
 J - a scroll of amnesia {unknown}
Potions
 q - a potion of brilliance
 r - 2 potions of curing {unknown}
 t - a potion of mutation {unknown}
 u - a potion of might {unknown}
 w - a potion of heal wounds {unknown}
 x - 2 potions of flight {unknown}
 B - a potion of invisibility {unknown}
Comestibles
 d - 10 rations
 C - a chunk of flesh


   Skills:
 + Level 3.4 Fighting
 - Level 6.6 Dodging
 + Level 6.6 Stealth
 + Level 7.0 Spellcasting
 + Level 6.1 Conjurations
 - Level 3.0 Summonings
 - Level 2.0 Translocations


You had 11 spell levels left.
You knew the following spells:

 Your Spells              Type           Power        Failure   Level  Hunger
a - Magic Dart            Conj           ####         1%          1    None
b - Call Imp              Summ           #####...     1%          2    None
c - Blink                 Tloc           N/A          1%          2    None
d - Conjure Flame         Conj/Fire      #####...     1%          3    None
e - Mephitic Cloud        Conj/Pois/Air  #####...     1%          3    None

Your spell library contained the following spells:

 Spells                   Type           Power        Failure   Level  Hunger
 Slow                     Hex            ####....     1%          2    None


Dungeon Overview and Level Annotations

Branches:
Dungeon (8/15)             Temple (1/1) D:4
   Lair: D:8-11

Altars:
Ashenzari
Cheibriados
Dithmenos
Elyvilon
Fedhas
Gozag
Hepliaklqana
Kikubaaqudgha
Makhleb
Nemelex Xobeh
Okawaru
Qazlal
Ru
Sif Muna
Trog
Uskayaw
Vehumet
Wu Jian
Xom
Yredelemnul
Zin
The Shining One

Annotations:
D:2 1 runed translucent door, exclusion: door, Crazy Yiuf
D:5 2 runed translucent doors, exclusions: 2 doors and player ghost, Fang's ghost, amateur GrBe
D:6 exclusion: 2 wights


Innate Abilities, Weirdness & Mutations

You are small and have problems with some larger weapons.
You are carnivorous and can eat meat at any time.


Message History

The killer bee completely misses your white imp.
You climb downwards. 3 gnolls and a gnoll shaman come into view.
The gnoll shaman shouts!
The gnoll shouts! x3
Found a butt labeled JIKHUG LIQIA and 4 gold pieces.
There is a stone staircase leading up here.
Butt feel sick.
The gnoll misses you.
You riposte.
You barely miss the gnoll. The gnoll closely misses you.
The gnoll throws a throwing net.
The throwing net completely misses you.
You climb upwards.
Your white imp disappears in a puff of smoke!
There is a stone staircase leading butt here.
Casting: Magic Dart (safe; 1% risk of butt)
Confirm with . or Enter, or press ? or * to list all spells.
You blink.
The gnoll shouts!
The butt barely misses butt.
A leopard gecko comes into view.
The gnoll hits you from afar with a +3 spear!
You die...

#.# #.# #####.# ..h..#
#h####.g################
#
......g>yy(yy§..)(y..†)#
##
#.####..g#############)#
.# ##..# ### #)# .##
#.@# ...$ #)# ..#
........# ..... #.# ..#
...####.##W.. #.# ..# .
..... #.# .## #..#.# #.#
.# #<...# #.# ##
#.......# #.# ##
##.#.#l.# #.# .#
...#..#.# #.#


You could see a hound (wandering), 2 killer bees, 3 gnolls and a leopard gecko
(wandering).

Vanquished Creatures
  Pikel (D:7)
  2 orc warriors (D:6)
  3 slaves (D:7)
  A black bear (D:7)
  A phantom (D:7)
  An ogre (D:5)
  3 centaurs
  A bullfrog (D:5)
  A scorpion (D:5)
  A howler monkey (D:4)
  2 crimson imps (D:5)
  3 hounds
  A jelly (D:5)
  2 orc priests
  7 orc wizards
  3 iguanas
  3 worker ants
  2 killer bee zombies
  5 gnolls
  7 adders
  A shadow imp (D:6)
  An adder zombie (D:6)
  A worm (D:4)
  An adder skeleton (D:4)
  2 dart slugs
  8 leopard geckos
  38 orcs
  7 bats
  4 giant cockroaches
  10 goblins
  5 hobgoblins
  14 kobolds
  2 quokkas (D:2)
  A ball python (D:2)
  3 frilled lizards
  A giant cockroach zombie (D:5)
  A leopard gecko zombie (D:5)
  7 rats
157 creatures vanquished.

Vanquished Creatures (collateral kills)
  Sigmund (D:3)
  Blork the orc (D:6)
  A howler monkey (D:4)
  A crimson imp (D:5)
  An orc priest (D:2)
  An iguana (D:5)
  An orc wizard (D:5)
  Terence (D:2)
  A gnoll (D:7)
  A worm (D:2)
  2 orcs
  A giant cockroach (D:3)
13 creatures vanquished.

Grand Total: 170 creatures vanquished

Notes
Turn   | Place    | Note
-------+----------+-------------------------------------------
     0 | D:1      | Burgerman5000 the Kobold Wizard began the quest for the
                  | Orb.
     0 | D:1      | Reached XP level 1. HP: 10/10 MP: 4/4
   260 | D:1      | Reached XP level 2. HP: 15/15 MP: 1/6
   317 | D:1      | Learned a level 2 spell: Call Imp
  1150 | D:2      | Reached XP level 3. HP: 7/19 MP: 4/8
  1497 | D:2      | Reached skill level 4 in Spellcasting
  1707 | D:2      | Reached XP level 4. HP: 24/24 MP: 3/10
  1711 | D:2      | Learned a level 2 spell: Blink
  2251 | D:2      | Noticed Terence
  2292 | D:2      | Found a glowing silver altar of Zin.
  2493 | D:2      | Killed Terence
  2665 | D:2      | Found a snail-covered altar of Cheibriados.
  2740 | D:2      | Found a runed translucent door.
  2741 | D:2      | Noticed Crazy Yiuf
  2771 | D:2      | Found a burning altar of Makhleb.
  2843 | D:2      | Learned a level 3 spell: Conjure Flame
  2932 | D:2      | Reached XP level 5. HP: 28/28 MP: 8/11
  3820 | D:3      | Noticed Sigmund
  4391 | D:3      | Killed Sigmund
  4391 | D:3      | Reached skill level 5 in Spellcasting
  4391 | D:3      | Reached XP level 6. HP: 19/32 MP: 6/13
  5354 | D:4      | Found a staircase to the Ecumenical Temple.
  5459 | Temple   | Entered the Ecumenical Temple
  5828 | D:5      | Entered Level 5 of the Dungeon
  5833 | D:5      | Found a shattered altar of Ashenzari.
  5860 | D:5      | Found a large runed translucent door.
  5860 | D:5      | Found a large runed translucent door.
  5861 | D:5      | Noticed Fang's ghost (amateur GrBe)
  5869 | D:5      | Reached XP level 7. HP: 36/36 MP: 9/14
  5874 | D:5      | Learned a level 3 spell: Mephitic Cloud
  7210 | D:5      | Reached XP level 8. HP: 41/41 MP: 12/16
  7308 | D:5      | Reached skill level 5 in Dodging
  7569 | D:5      | Found a shimmering blue altar of Sif Muna.
  7573 | D:5      | Became a worshipper of Sif Muna the Loreminder
  7858 | D:6      | Got an iridescent long sword
  7859 | D:6      | Identified the +10 long sword of the Swamp {vamp, rN+ Str-4
                  | Dex+5} (You found it on level 6 of the Dungeon)
  7901 | D:6      | Reached skill level 5 in Conjurations
  8173 | D:6      | Noticed Blork the orc
  9061 | D:6      | Reached skill level 6 in Spellcasting
  9184 | D:6      | Killed Blork the orc
  9477 | D:6      | Reached skill level 1 in Fighting
  9561 | D:7      | Reached * piety under Sif Muna
 10314 | D:7      | Reached XP level 9. HP: 47/47 MP: 14/18
 10335 | D:7      | Reached skill level 5 in Stealth
 10418 | D:7      | Noticed Pikel
 10448 | D:7      | Killed Pikel
 10601 | D:7      | Found a shimmering blue altar of Sif Muna.
 10670 | D:7      | Found a sparkling altar of Nemelex Xobeh.
 10790 | D:7      | Reached skill level 7 in Spellcasting
 10829 | D:7      | Slain by a gnoll

Levels and vault maps discovered:
D:1:      dpeg_arrival_erosion, layout_basic
D:2:      layout_loops_ring, grunt_temple_overflow_open, minmay_misc_feat_tiny,
          minmay_misc_feat_square, bloody_makhleb, uniq_terence,
          uniq_crazy_yiuf_cottage
D:3:      layout_rooms, uniq_sigmund
D:4:      layout_cave_pods, minmay_temple_entry_slanted
D:5:      layout_cave_pools, nicolae_ashenzari_panopticon, marbit_many_paths,
          first_ration, ebering_ghost_disaster_area, grunt_decor_mini_mirrors
D:6:      layout_loops_cross, st_stairs_12, corexii_leaking_fountain,
          uniq_blork_the_orc
D:7:      layout_basic, kennysheep_mini_moat, tgw_sif, uniq_pikel
D:8:      layout_loops_cross
Temple:   kb_temple_of_zot

Skill      XL: |  1  2  3  4  5  6  7  8  9 |
---------------+----------------------------+-----
Spellcasting   | 4 5 6 7 |  7.0
Conjurations   | 2 3 4 5 6 |  6.1
Summonings     | 2 3 |  3.0
Dodging        | 3 4 6 |  6.6
Translocations | 2 |  2.0
Stealth        | 4 6 |  6.6
Fighting       | 1 3 |  3.4

Action                   |  1- 3 |  4- 6 |  7- 9 || total
-------------------------+-------+-------+-------++-------
Melee: Dagger            |     4 |     6 |       ||    10
       Short sword       |     4 |     8 |    37 ||    49
       Long sword        |       |       |    24 ||    24
 Cast: Magic Dart        |    61 |   143 |   294 ||   498
       Call Imp          |     1 |    17 |    33 ||    51
       Blink             |       |     1 |     5 ||     6
       Conjure Flame     |       |       |     7 ||     7
       Mephitic Cloud    |       |       |    18 ||    18
  Use: Scroll            |     1 |       |     2 ||     3
       Potion            |       |       |     1 ||     1
 Stab: Confused          |       |       |     5 ||     5
  Eat: Chunk             |    11 |    11 |    17 ||    39
Armor: Robe              |       |    10 |    12 ||    22
Dodge: Dodged            |    12 |    61 |   152 ||   225
       Rpst.: Long sword |       |       |    16 ||    16
